 Dungeon Crawl Stone Soup version 0.26-a0-651-gb41185065b (webtiles) character file.

Game seed: 6501702515864602599

315 tof the Chopper (level 6, -10/56 HPs)
             Began as a Hill Orc Monk on Oct 2, 2020.
             Was a Believer of Beogh.
             Mangled by a wight
             ... wielding a +5 dire flail
              (15 damage)
             ... on level 4 of the Dungeon.
             The game lasted 00:06:57 (3976 turns).

tof the Chopper (Hill Orc Monk)                     Turns: 3976, Time: 00:06:58

Health: -10/56     AC:  7    Str: 16    XL:     6   Next: 43%
Magic:  6/6        EV:  6    Int: 10    God:    Beogh [**....]
Gold:   171        SH:  4    Dex: 13    Spells: 5/5 levels left

rFire    . . .     SeeInvis .   a - +0 hand axe
rCold    . . .     Faith    .   o - +0 buckler
rNeg     . . .     Spirit   .   c - -2 chain mail (curse)
rPois    .         Reflect  .   (no helmet)
rElec    .         Harm     +   b - scarf {harm}
rCorr    .         Rampage  .   g - +0 pair of gloves
MR       .....                  (no boots)
Stlth    ..........             (no amulet)
HPRegen  0.18/turn              (no ring)
MPRegen  0.10/turn              (no ring)

@: drained
A: no striking features
a: Smiting, Renounce Religion


You were on level 4 of the Dungeon.
You worshipped Beogh.
Beogh was pleased with you.
You visited 1 branch of the dungeon, and saw 4 of its levels.

You collected 171 gold pieces.

Inventory:

Hand Weapons
 a - a +0 hand axe (weapon)
Armour
 b - a scarf of harm (worn)
 c - a cursed -2 chain mail (worn)
 g - a +0 pair of gloves (worn)
 o - a +0 buckler (worn)
Jewellery
 e - an uncursed amulet of magic regeneration
Scrolls
 d - a scroll of enchant weapon {unknown}
 h - 3 scrolls of identify {unknown}
 i - 5 scrolls of remove curse {unknown}
 j - a scroll of teleportation {unknown}
 n - a scroll of blinking {unknown}
 q - a scroll of magic mapping {unknown}
Potions
 f - a potion of lignification {unknown}
 k - 2 potions of ambrosia {unknown}
 l - 3 potions of curing {unknown}
 m - a potion of cancellation {unknown}
 p - a potion of degeneration {unknown}
 r - a potion of might {unknown}


   Skills:
 + Level 5.0(3.9) Fighting
 * Level 6.8(5.7) Axes
 + Level 2.9(1.8) Armour
 - Level 2.4(1.3) Dodging
 - Level 1.5(0.5) Stealth
 + Level 2.1(1.1) Shields


You had 5 spell levels left.
You didn't know any spells.
Your spell library was empty.

Dungeon Overview and Level Annotations

Branches:
Dungeon (4/15)
 Temple: D:4-7

Altars:
Gozag
Kikubaaqudgha
Uskayaw
Yredelemnul
Zin


Message History

The wight is moderately damaged.
The wight hits you with a +5 dire flail.
You feel drained.
You closely miss the wight.
The wight is moderately damaged.
You block the wight's attack.
You barely miss the wight.
The wight is moderately damaged.
The wight hits you with a +5 dire flail.
You feel drained.
You hit the wight.
The wight is moderately damaged.
The wight hits you with a +5 dire flail!
* * * LOW HITPOINT WARNING * * *
You feel drained.
* * * LOW HITPOINT WARNING * * *
You closely miss the wight.
The wight is moderately damaged.
The wight hits you with a +5 dire flail!
You die...

# .# ######.####
#.#.......... #.#....#
## #.#..#.# .# #.#..#z#
.### #.#..#@#
...########.#..#.#
.......)....####.#.#.##
....#.))................
....#............#.#..##
....##############.# ..
........... #
...######## ...#


You could see a wight.

Vanquished Creatures
  2 wights (D:4)
  An orc priest (D:4)
  A worker ant (D:4)
  6 adders
  An ufetubus (D:3)
  3 dart slugs
  3 leopard geckos
  9 orcs
  3 giant cockroaches
  7 goblins
  7 hobgoblins
  6 jackals
  A quokka (D:2)
  13 bats
  3 frilled lizards
  11 kobolds
  5 rats
  A spectral orc (D:3)
83 creatures vanquished.

Vanquished Creatures (others)
  An orc wizard (D:4)
  An orc (D:4)
2 creatures vanquished.

Grand Total: 85 creatures vanquished

Notes
Turn   | Place    | Note
-------+----------+-------------------------------------------
     0 | D:1      | tof the Hill Orc Monk began the quest for the Orb.
     0 | D:1      | Reached XP level 1. HP: 19/19 MP: 1/1
    33 | D:1      | Reached XP level 2. HP: 14/27 MP: 2/2
   376 | D:1      | Reached skill level 1 in Armour
   494 | D:1      | Reached XP level 3. HP: 33/33 MP: 3/3
   769 | D:2      | Reached skill level 5 in Axes
  1186 | D:2      | Found an ancient bone altar of Kikubaaqudgha.
  1241 | D:2      | Found a glowing silver altar of Zin.
  1290 | D:2      | Reached XP level 4. HP: 40/40 MP: 4/4
  1408 | D:2      | Found a faded altar of an unknown god.
  1519 | D:2      | You fall into a shaft and drop 2 floors!
  2199 | D:3      | Found a basalt altar of Yredelemnul.
  2258 | D:3      | Reached XP level 5. HP: 42/47 MP: 5/5
  2365 | D:3      | Found an opulent altar of Gozag.
  2367 | D:3      | Reached skill level 1 in Shields
  2478 | D:3      | Found a hide-covered altar of Uskayaw.
  3066 | D:4      | Reached skill level 6 in Axes
  3334 | D:4      | Became a worshipper of Beogh the Brigand
  3334 | D:4      | Reached * piety under Beogh
  3334 | D:4      | Reached ** piety under Beogh
  3705 | D:4      | Reached XP level 6. HP: 53/55 MP: 6/6
  3968 | D:4      | Reached skill level 5 in Fighting
  3976 | D:4      | Mangled by a wight

Illustrated notes

Levels and vault maps discovered:
D:1:      dpeg_arrival_shelter, layout_rooms, chequers_serial_rivers_small_3,
          hex_large, minmay_tromino_v7
D:2:      layout_loops_corners, zin_academy, kiku_gazebo_pond_becter,
          chequers_ecumenical_altar_simple_redux, chequers_garden
D:3:      layout_loops_ring, yredelemnul_forgotten_temple_becter,
          overflow_temple_1_default,
          nicolae_gozag_cash_rules_everything_around_me
D:4:      layout_basic

Skill      XL: |  1  2  3  4  5  6 |
---------------+-------------------+-----
Armour         | 1 2 |  2.9
Fighting       | 4 5 |  5.0
Axes           | 5 6 |  6.8
Shields        | 1 2 |  2.1
Dodging        | |  2.4
Stealth        | |  1.5

Action                   |  1- 3 |  4- 6 || total
-------------------------+-------+-------++-------
Melee: Hand axe          |   143 |   198 ||   341
Invok: Convert to Beogh  |       |     1 ||     1
Armor: Robe              |    17 |       ||    17
       Chain mail        |   131 |    95 ||   226
Dodge: Dodged            |   118 |    52 ||   170
Block: Buckler           |       |    27 ||    27

Table legend: (Time is in decaauts)
 A = Elapsed time spent in this place.
 B = Non-inter-level travel time spent in this place.
 C = Inter-level travel time spent in this place.
 D = Time resting spent in this place.
 E = Time spent auto-exploring this place.
 F = Levels seen in this place.
 G = Mean time per level.
                   A        B        C        D        E       F      G
               +--------+--------+--------+--------+--------+-----+--------+
         Total |   3997 |   3906 |     91 |   1686 |   1492 |   4 |  999.2 |
       Dungeon |   3997 |   3906 |     91 |   1686 |   1492 |   4 |  999.2 |
               +--------+--------+--------+--------+--------+-----+--------+

Top non-repeatable levels by time:
     D:3: 1473 daAuts
     D:4: 988 daAuts
     D:2: 769 daAuts
     D:1: 765 daAuts
